 Dungeon Crawl Stone Soup version 0.31-a0-102-g33a4ccc0cb (webtiles) character file.

Game seed: 1920532814479676788

732 Esekla the Covert (level 7, -1/48 HPs)
             Began as an Octopode Delver on May 26, 2023.
             Was an Initiate of Gozag.
             Slain by a gnoll
             ... wielding a +0 halberd
              (7 damage)
             ... on level 3 of the Dungeon.
             The game lasted 00:14:09 (3193 turns).

Esekla the Covert (Octopode Delver)                 Turns: 3193, Time: 00:14:10

Health: -1/48      AC:  1    Str: 12    XL:     7   Next: 73%
Magic:  10/10      EV: 14    Int: 14    God:    Gozag
Gold:   857        SH:  0    Dex: 16    Spells: 10/10 levels left

rFire   . . .        i - +7 great sword of Huxkeex {flame, *Rage Fly Dex+3}
rCold   . . .        (shield currently unavailable)
rNeg    . . .        (helmet restricted)
rPois   .            (no amulet)
rElec   .            n - ring of resist corrosion
rCorr   +            (no ring)
SInv    .            (no ring)
Will    .....        (no ring)
Stlth   +++++        (no ring)
HPRegen 0.28/turn    (no ring)
MPRegen 0.12/turn    (no ring)
                     (no ring)

%: random rage (20%)
@: gold aura, flying
A: almost no armour, amphibious, 8 rings, camouflage 1, gelatinous body 1,
(nimble swimmer 1), tentacles
a: Renounce Religion, Potion Petition, Call Merchant, Bribe Branch


You were on level 3 of the Dungeon.
You worshipped Gozag.
Gozag was pleased with you.
You visited 2 branches of the dungeon, and saw 6 of its levels.
You also visited: Sewer.

You collected 867 gold pieces.
You paid 10 gold pieces to Gozag.

Inventory:

Hand Weapons
 a - a +0 falchion
 h - a +0 long sword
 i - the +7 great sword of Huxkeex (weapon) {flame, *Rage Fly Dex+3}
   (You found it in a sewer)

   Dex:       It affects your dexterity (+3).
   Fly:       It grants you flight.
   *Rage:     It berserks you when you make melee attacks (+20% chance).
 x - a +0 dagger
Missiles
 m - 3 javelins (quivered)
 v - 4 curare-tipped darts
Jewellery
 n - a ring of resist corrosion (left tentacle)
Wands
 f - a wand of digging (3)
Scrolls
 b - 6 scrolls of fog
 c - 4 scrolls of identify {unknown}
 d - a scroll of blinking
 g - a scroll of enchant weapon {unknown}
 l - a scroll of fear
 p - a scroll of noise {unknown}
 w - 2 scrolls of poison {unknown}
Potions
 e - 2 potions of lignification {unknown}
 j - a potion of heal wounds {unknown}
 k - a potion of brilliance {unknown}
 o - a potion of curing {unknown}
 q - a potion of resistance {unknown}
 r - 2 potions of haste
 s - a potion of berserk rage {unknown}
 t - 3 potions of magic {unknown}
 u - a potion of attraction {unknown}


   Skills:
 * Level 4.2 Fighting
 * Level 5.5 Long Blades
 * Level 3.2 Dodging
 + Level 8.7 Stealth
 * Level 2.3 Spellcasting


You had 10 spell levels left.
You didn't know any spells.
Your spell library contained the following spells:

 Spells                   Type           Power      Damage    Failure   Level
 Ensorcelled Hibernation  Hex/Ice        0%         N/A       36%         2
 Passwall                 Tmut/Erth      0%         N/A       36%         2
 Swiftness                Air            1%         N/A       56%         3


Dungeon Overview and Level Annotations

Branches:
Dungeon (5/15)             Temple (1/1) D:5           Sewer (visited)

Altars:
Dithmenos
Elyvilon
Fedhas
Gozag
Hepliaklqana
Kikubaaqudgha
Nemelex Xobeh
Okawaru
Qazlal
Sif Muna
Trog
Vehumet
Yredelemnul
Zin
The Shining One

Shops:
D:3 =


Innate Abilities, Weirdness & Mutations

You cannot wear most types of armour.
You are amphibious.
You can wear up to eight rings at the same time.
Your skin changes colour to match your surroundings (Stealth+).
Your rubbery body absorbs attacks. (AC +1, EV +1)
((You are camouflaged when in or above water. (Stealth+)))
You have tentacles for arms and can constrict up to eight enemies at once.


Message History

You now have 857 gold pieces (gained 6).
Search for what [? for help]? dagger
There is a stone staircase leading up here.
There is a stone staircase leading down here.
You fly downwards.
There is a stone staircase leading up here.
Things that are here:
a +0 chain mail; a +0 dagger
x - a +0 dagger You float gracefully downwards.
The +7 great sword of Huxkeex {flame, *Rage Fly Dex+3} stops flaming.
x - a +0 dagger (weapon)
You open the door.
There is an open door here.
There is an open door here.
A gnoll comes into view. It is wielding a +0 halberd.
You start waiting.
A gnoll is nearby!
Okay, then.
The gnoll shouts!
You hit the gnoll but do no damage. Your grab misses the gnoll.
a - a +0 falchion (weapon)
The gnoll closely misses you.
You feel agile.
You fly up into the air.
The +7 great sword of Huxkeex {flame, *Rage Fly Dex+3} bursts into flame!
i - the +7 great sword of Huxkeex (weapon)
{flame, *Rage Fly Dex+3} The gnoll misses you.
The gnoll hits you with a +0 spear.
You barely miss the gnoll. Your grab misses the gnoll.
The gnoll hits you with a +0 flail! The gnoll hits you with a +0 spear.
The gnoll hits you from afar with a +0 halberd!
The gnoll hits you with a +0 flail. The gnoll completely misses you.
The gnoll hits you from afar with a +0 halberd!
* * * LOW HITPOINT WARNING * * *
You slash the gnoll! You burn the gnoll.
You kill the gnoll!
The gnoll misses you.
The gnoll hits you from afar with a +0 halberd!
You die...
Your body crumbles into a pile of gold.

.# #####.#### #)######### .#
##.## ##'## #. .#### ##...##
##...## #. ....# ##.....####
##.....## #. .##.#
#.........###.......## ##
.##.####.##.###..##.........####.
............# #.g.'.........'....
.##.####.##.###.$##.........####.
###.####.##....g@###.......## ##
.................# ##.....## #
###.###.#####.#### ##)..## ### #
#.# #.# #.# ##+## ##.# ###.# #.#
#.# #.# ##... ....# #.# #.#
######.# #.... ##### #.#
#.####......## ##... #######.#
#............######.# ........#
######.##........##.#


You could see 2 gnolls.

Vanquished Creatures
  Grinder (D:3)
  An ice beast (D:5)
  2 bullfrogs (Sewer)
  A scorpion (D:5)
  A howler monkey (D:5)
  A hound (D:5)
  An iguana (D:5)
  2 gnolls (D:3)
  5 adders
  2 dart slugs
  An orc (D:3)
  10 ball pythons
  10 endoplasms
  13 giant cockroaches
  3 goblins
  4 hobgoblins
  8 jackals (D:1)
  14 quokkas
  7 bats
  11 frilled lizards
  3 kobolds (D:3)
  6 rats
107 creatures vanquished.

Notes
Turn   | Place    | Note
-------+----------+-------------------------------------------
     0 | D:5      | Esekla the Octopode Delver began the quest for the Orb.
     0 | D:5      | Reached XP level 1. HP: 16/16 MP: 1/1
     9 | D:5      | Noticed a sleepcap
   114 | D:5      | Found a staircase to the Ecumenical Temple.
   114 | D:5      | Noticed a howler monkey
   114 | D:5      | Noticed an iguana
   115 | D:5      | Noticed a scorpion
   116 | D:5      | Noticed a hound
   127 | Temple   | Entered the Ecumenical Temple
   133 | Temple   | Became a worshipper of Gozag Ym Sagoz the Greedy
   164 | D:5      | Found a glowing drain.
   169 | Sewer    | Entered a sewer
   386 | Sewer    | Reached XP level 2. HP: 20/21 MP: 2/2
   422 | Sewer    | Reached skill level 7 in Stealth
   627 | Sewer    | Reached XP level 3. HP: 26/26 MP: 3/3
   844 | Sewer    | Noticed a bullfrog
   853 | Sewer    | Killed a bullfrog
   854 | Sewer    | Reached skill level 1 in Spellcasting
   854 | Sewer    | Reached XP level 4. HP: 30/31 MP: 5/5
   854 | Sewer    | Reached XP level 5. HP: 35/36 MP: 6/6
   884 | Sewer    | Reached skill level 8 in Stealth
   897 | Sewer    | Identified the +7 great sword of Huxkeex {flame, *Rage Fly
                  | Dex+3}
   953 | D:5      | Noticed an ice beast
   954 | D:5      | Killed an ice beast
   955 | D:5      | Reached XP level 6. HP: 43/43 MP: 8/8
   989 | D:5      | Reached XP level 7. HP: 24/47 MP: 8/10
  1160 | D:3      | Found a glowing silver altar of Zin.
  1256 | D:3      | Noticed Grinder
  1262 | D:3      | Killed Grinder
  1263 | D:3      | Reached skill level 5 in Long Blades
  1272 | D:3      | Found Kikher's Jewellery Shoppe.
  1317 | D:3      | Found an ancient bone altar of Kikubaaqudgha.
  1323 | D:3      | Found a hazy altar of Hepliaklqana.
  1909 | D:3      | Found a glowing golden altar of the Shining One.
  2442 | D:1      | Found a faded altar of an unknown god.
  3193 | D:3      | Slain by a gnoll

Illustrated notes

Levels and vault maps discovered:
D:1:      spicycebolla_arrival_clurvy, layout_basic,
          hellmonk_ecumenical_altar_crossroads
D:2:      layout_rooms
D:3:      layout_loops_corners, nicolae_tso_swordbearing_angel,
          amcnicky_altar_gilded, minitemple, serial_shops,
          nicolae_shop_temple_entry_statues_fountains, st_stairs_2, uniq_grinder
D:4:      layout_loops_cross, nicolae_inconvenience_store
D:5:      layout_loops_ring, minmay_temple_entry_stoned_glass,
          gup_sewer_entry_pipe, hellmonk_no_cap, uniq_sigmund
Temple:   hellmonk_temple_two_chambers

Skill      XL: |  1  2  3  4  5  6  7 |
---------------+----------------------+-----
Stealth        | 7 8 |  8.7
Long Blades    | 3 4 5 |  5.5
Spellcasting   | 1 2 |  2.3
Dodging        | 3 |  3.2
Fighting       | 4 |  4.2

Action                     |  1- 3 |  4- 6 |  7- 9 || total
---------------------------+-------+-------+-------++-------
  Melee: Falchion          |    47 |     8 |       ||    55
         Tentacles         |    10 |     4 |     3 ||    17
         Constrict         |     9 |     5 |     8 ||    22
         Great sword       |       |    21 |    77 ||    98
         Dagger            |       |       |     1 ||     1
    Use: Scroll            |     2 |       |       ||     2
         Potion            |     1 |       |       ||     1
   Stab: Sleeping          |    17 |       |    25 ||    42
         Distracted        |       |       |     2 ||     2
 Armour: Skin              |     2 |     1 |     3 ||     6
  Dodge: Dodged            |    29 |    13 |    45 ||    87

Table legend: (Time is in decaauts)
 A = Elapsed time spent in this place.
 B = Non-inter-level travel time spent in this place.
 C = Inter-level travel time spent in this place.
 D = Time resting spent in this place.
 E = Time spent auto-exploring this place.
 F = Levels seen in this place.
 G = Mean time per level.
                   A        B        C        D        E       F      G
               +--------+--------+--------+--------+--------+-----+--------+
         Total |   3358 |   3250 |    108 |    751 |    733 |   7 |  479.7 |
       Dungeon |   2570 |   2462 |    108 |    345 |    733 |   5 |  514.0 |
        Temple |     12 |     12 |      0 |      0 |      0 |   1 |   12.0 |
         Sewer |    775 |    775 |      0 |    406 |      0 |   1 |  775.0 |
               +--------+--------+--------+--------+--------+-----+--------+

Top non-repeatable levels by time:
     D:3: 1113 daAuts
   Sewer: 775 daAuts
     D:1: 714 daAuts
     D:2: 375 daAuts
     D:5: 327 daAuts
     D:4: 39 daAuts
  Temple: 12 daAuts
